cohdb
Replays
Latest Replays
All Replays
Popular Replays
Top Player Replays
Match Explorer
How It Works
Community
CoH3 Stats
Reddit
Sign in to upload your games and track your stats! →
Sign in with Steam
Match 42663688
Unlisted
Match 42663688
Overview
Messages
Build Orders
End
Construct Section Command Post
Infantry Section
Infantry Section
Infantry Section
Infantry Section
Construct Platoon Command Post
6-pounder Anti-tank Gun Team
CMP 15cwt Truck
Infantry Training
6-pounder Anti-tank Gun Team
Infantry Section
Grenade Package
Infantry Section
Royal Engineer Section
CMP 15cwt Truck
CMP 15cwt Truck
Selects Heavy Armor Battlegroup
Selects Heavy Armor Battlegroup
Selects Engineer Detachments
Selects Forward Repair Assembly
Selects Churchill Black Prince Heavy Tank
Selects Light Vehicle Withdraw and Refit
Selects Radio Net
Selects Recon Artillery
XuZhongwei
Conan
CPU - 专家
CPU - 专家
0
0
Comments
sign in to comment!
No comments posted yet!